 Dungeon Crawl Stone Soup version 0.20-a0-1089-g3fde505 (webtiles) character file.

39 Alarkh the Chopper (level 3, 0/29 HPs)
             Began as a Demonspawn Monk on May 2, 2017.
             Slain by a worm (5 damage)
             ... on level 2 of the Dungeon.
             The game lasted 00:02:02 (2292 turns).

Alarkh the Chopper (Demonspawn Monk)                Turns: 2292, Time: 00:02:03

Health: 0/29       AC:  2    Str: 11    XL:     3   Next: 26%
Magic:  3/3        EV: 13    Int: 12    God:
Gold:   80         SH:  0    Dex: 15    Spells: 2/2 levels left

rFire    . . .     SeeInvis .   a - +0 hand axe
rCold    . . .     Gourm    .   (no shield)
rNeg     . . .     Faith    .   b - +0 robe
rPois    .         Spirit   .   (no helmet)
rElec    .         Reflect  .   (no cloak)
rCorr    .         Harm     .   (no gloves)
MR       .....                  (no boots)
Stlth    ++++......             m - amulet of inaccuracy (curse)
Regen    0.1/turn               (no ring)
MPRegen  0.1/turn               (no ring)

@: very slightly contaminated, invisible
A: talons 1, mutation resistance 1, nightstalker 2
a: no special abilities


You were on level 2 of the Dungeon.
You were hungry.

You visited 1 branch of the dungeon, and saw 2 of its levels.

You collected 80 gold pieces.

Inventory:

Hand Weapons
 a - a +0 hand axe (weapon)
Armour
 b - a +0 robe (worn)
Jewellery
 m - a cursed amulet of inaccuracy (around neck)
Scrolls
 d - a scroll of recharging {unknown}
 e - a scroll of identify
 g - a scroll of teleportation
 j - a scroll of remove curse {unknown}
 o - a scroll of enchant armour {unknown}
 q - a scroll of fog {unknown}
Potions
 f - a potion of ambrosia
 i - a potion of curing
 l - a potion of mutation
 n - a potion of magic {unknown}
Comestibles
 c - 2 bread rations
 k - a meat ration
 p - a chunk of flesh


   Skills:
 - Level 3.0 Fighting
 + Level 4.0 Axes
 - Level 2.6 Dodging
 - Level 1.7 Stealth


You had 2 spell levels left.
You didn't know any spells.

Dungeon Overview and Level Annotations

Branches:
Dungeon (2/15)

Altars:


Innate Abilities, Weirdness & Mutations

You are significantly more attuned to the shadows.
You have sharp toenails.
You are somewhat resistant to further mutation.


Message History

You are too injured to fight recklessly!
You are too injured to fight recklessly!
Okay, then.
Okay, then.
It was a potion of invisibility.
You fade into invisibility!
You are very lightly contaminated with residual magic.
You are too injured to fight recklessly!
You strike the helpless worm from behind!
You hit the worm.
The worm is lightly wounded.
The worm bites you!
* * * LOW HITPOINT WARNING * * *
You catch the helpless worm completely off-guard!
You hit the worm but do no damage. You claw the worm.
The worm is lightly wounded.
You hit the worm but do no damage.
The worm is lightly wounded.
The worm bites you.
You die...

##≈≈P..#....#.#≈≈#≈≈≈#
##≈P..P#....'P#≈≈##≈##
#################### ≈≈≈≈
..(.. ♣≈≈P≈ #.#.## ≈≈≈≈♣
.....# ≈≈≈≈≈ ..#..#
...########♣≈≈≈PP ..#..#
#...#.w....≈≈≈≈≈. .....#
#...#@####♣≈≈≈P≈≈ ##...#
#...#.# ♣≈≈≈≈≈≈. ..<..#
###>.#.# ♣≈≈≈≈≈P.
#..#.######.#..#.###♣♣≈≈PP♣≈
#..#........#.#.....♣≈≈≈≈P≈.
#..########.#.######♣≈≈≈≈≈..
............#.......♣≈
##.#######..####.....♣ #.#
#............


You could see a worm (wandering).

Vanquished Creatures
  An ooze (D:2)
  2 giant cockroaches (D:1)
  6 goblins
  3 hobgoblins (D:1)
  7 bats
  3 frilled lizards
  5 kobolds
  10 rats
37 creatures vanquished.

Notes
Turn   | Place    | Note
-------+----------+-------------------------------------------
     0 | D:1      | Alarkh the Demonspawn Monk began the quest for the Orb.
     0 | D:1      | Reached XP level 1. HP: 18/18 MP: 1/1
   255 | D:1      | Reached skill level 3 in Axes
   263 | D:1      | Gained mutation: You are slightly more attuned to the shadows. [demonic ancestry]
   263 | D:1      | Reached XP level 2. HP: 17/24 MP: 2/2
  1123 | D:2      | Gained mutation: You are significantly more attuned to the shadows. [demonic ancestry]
  1123 | D:2      | Reached XP level 3. HP: 29/29 MP: 3/3
  1778 | D:2      | Gained mutation: You have sharp toenails. [potion of mutation]
  1778 | D:2      | Gained mutation: You are somewhat resistant to further mutation. [potion of mutation]
  2158 | D:2      | Reached skill level 4 in Axes
  2292 | D:2      | Slain by a worm

Vault maps used:
D:1:      mainiacjoe_arrival_reflecting_pool
D:2:      wad_lake_hut, serial_bayou, serial_bayou_shore_a, serial_bayou_lake_a,
          serial_bayou_ford_a, serial_bayou_lagoon_a, first_bread,
          minmay_hexomino_f4

Skill      XL: |  1  2  3 |
---------------+----------+-----
Axes           | 3 4 |  4.0
Fighting       | |  3.0
Dodging        | |  2.6
Stealth        | |  1.7

Action                   || total
-------------------------++-------
Melee: Hand axe          ||   143
       Kick              ||    13
  Use: Scroll            ||     3
       Potion            ||     2
 Stab: Sleeping          ||    14
       Invisible         ||     2
  Eat: Chunk             ||     4
Armor: Robe              ||    15
Dodge: Dodged            ||   102
